Chicago Black Hawks vs Los Angeles Kings
Created - Wednesday, March 19, 2025 at 09:00
Goals
|
| Chicago Black Hawks |
1 |
1 |
1 |
3 |
| Los Angeles Kings |
2 |
2 |
2 |
6 |
|
Shots
|
| Chicago Black Hawks |
19 |
10 |
13 |
42 |
| Los Angeles Kings |
6 |
13 |
13 |
32 |
|
1st period
1. Chicago Black Hawks , Lucas Raymond 11 (Sidney Crosby 17) at 0:08
2. Los Angeles Kings , Seth Jarvis 14 (Andrei Svechnikov 14, Erik Brannstrom 6) at 12:08 (SH)
3. Los Angeles Kings , Erik Brannstrom 6 (Logan Cooley 17, Seth Jarvis 21) at 17:59
Penalties :
Noah Dobson (LAK) for Roughing (Minor) at 11:15
2nd period
4. Los Angeles Kings , Seth Jarvis 15 (Noah Dobson 18) at 0:55
5. Los Angeles Kings , Blake Wheeler 3 (Andrei Svechnikov 15) at 14:54 (PP)
6. Chicago Black Hawks , Brett Howden 3 (Dante Fabbro 2, Barrett Hayton 11) at 17:32
Penalties :
Alexander Romanov (LAK) for Cross-checking (Minor) at 8:46, Dante Fabbro (CHI) for Interference (Minor) at 14:24, Vincent Desharnais (CHI) for Holding (Minor) at 15:16
3rd period
7. Los Angeles Kings , Owen Power 3 (Adam Fantilli 11, Andrei Vasilevskiy) at 3:46 (PP)
8. Chicago Black Hawks , Josh Doan 8 (Barrett Hayton 12) at 9:20
9. Los Angeles Kings , Peyton Krebs 5 (Adam Fantilli 12, Andrei Svechnikov 16) at 14:24
Penalties :
Vincent Desharnais (CHI) for Delaying the game (Minor) at 2:41, Dmitri Voronkov (CHI) for Hooking (Minor) at 4:51, Erik Brannstrom (LAK) for Cross-checking (Minor) at 9:23, Cole Sillinger (CHI) for Cross-checking (Minor) at 15:37
Goalie Stats
Alexandar Georgiev (CHI), 26 saves from 32 shots - (0.813), L, 9-9-1, 60:00 minutes
Andrei Vasilevskiy (LAK), 39 saves from 42 shots - (0.929), W, 4-10-3, 60:00 minutes
Players Stats for Chicago Black Hawks
Player Name G A P +/- PIM S H SB GA TA FO MP PP MP PK MP
------------------------------------------------------------------------------------
Barrett Hayton 0 2 2 1 0 4 0 0 1 0 11/13 11:36 0:00 0:00
Brett Howden 1 0 1 1 0 4 3 0 0 0 0/0 12:05 0:00 0:28
Caleb Jones 0 0 0 -1 0 0 0 0 0 0 0/0 13:22 0:00 0:00
Claude Giroux 0 0 0 -1 0 1 1 2 1 1 1/2 20:33 2:45 3:37
Cole Sillinger 0 0 0 -1 2 4 2 0 1 0 8/12 19:57 3:12 2:33
Dante Fabbro 0 1 1 0 2 2 2 0 0 1 0/0 25:09 3:31 3:25
Dmitri Voronkov 0 0 0 0 2 1 0 0 1 0 1/1 7:35 0:00 0:14
Jack Drury 0 0 0 0 0 2 0 0 0 0 2/4 6:31 0:00 0:00
Jon Merrill 0 0 0 -1 0 1 0 1 0 0 0/0 15:25 0:00 2:03
Joseph Veleno 0 0 0 -1 0 5 4 0 1 0 0/0 17:24 3:12 0:00
Josh Doan 1 0 1 1 0 5 0 0 0 0 0/2 12:30 0:00 0:54
Lucas Raymond 1 0 1 -1 0 3 1 2 1 0 1/2 19:38 2:45 3:41
Noah Cates 0 0 0 0 0 1 0 0 0 0 0/0 6:31 0:00 0:00
Robert Bortuzzo 0 0 0 0 0 0 1 2 0 0 0/0 20:58 2:26 3:37
Sidney Crosby 0 1 1 -1 0 2 2 1 0 0 17/29 20:33 2:45 3:37
Tyson Foerster 0 0 0 -1 0 5 1 0 1 0 0/2 17:24 3:12 0:00
Urho Vaakanainen 0 0 0 0 0 0 3 1 0 1 0/0 20:58 2:26 3:37
Vincent Desharnais 0 0 0 0 4 2 3 1 0 0 0/0 24:14 3:31 2:22
Players Stats for Los Angeles Kings
Player Name G A P +/- PIM S H SB GA TA FO MP PP MP PK MP
------------------------------------------------------------------------------------
Adam Fantilli 0 2 2 0 0 3 1 0 2 0 7/10 19:23 4:05 1:02
Alexander Alexeyev 0 0 0 1 0 1 0 0 0 1 0/0 12:48 0:00 0:05
Alexander Romanov 0 0 0 0 2 0 0 1 0 1 0/0 21:57 4:19 1:47
Andrei Svechnikov 0 3 3 1 0 4 1 1 0 1 0/0 21:20 4:05 2:52
Blake Wheeler 1 0 1 1 0 2 0 0 0 0 0/0 18:44 4:05 0:00
Cooper Marody 0 0 0 0 0 0 0 0 0 0 2/3 4:48 0:00 0:00
Erik Brannstrom 1 1 2 1 2 3 2 0 0 0 2/6 22:10 3:27 2:56
K'Andre Miller 0 0 0 0 0 0 0 1 0 0 0/0 24:18 3:13 3:31
Logan Cooley 0 1 1 0 0 1 1 1 0 0 8/26 18:48 3:27 2:39
Michael Eyssimont 0 0 0 0 0 1 2 0 0 1 0/1 15:06 0:00 0:00
Michael Milne 0 0 0 0 0 0 1 1 0 0 0/2 15:14 0:00 0:07
Noah Dobson 0 1 1 -1 2 6 5 1 0 1 0/0 21:36 3:13 1:35
Owen Power 1 0 1 0 0 5 2 3 0 2 0/0 24:16 4:19 3:29
Peyton Krebs 1 0 1 0 0 2 1 1 0 0 5/11 15:40 0:00 0:29
Ryan Reaves 0 0 0 0 0 0 0 0 0 0 0/0 1:55 0:00 0:00
Seth Jarvis 2 1 3 1 0 3 2 0 1 0 2/6 19:35 3:27 3:16
Trent Frederic 0 0 0 0 0 1 0 3 0 0 0/2 15:27 0:00 0:00
Vitali Kravtsov 0 0 0 0 0 0 0 0 0 0 0/0 0:55 0:00 0:00
3 Stars
1 - Seth Jarvis (LAK)
2 - Andrei Svechnikov (LAK)
3 - Erik Brannstrom (LAK)
Power Play
Chicago Black Hawks - 0 on 3 Attempt(s) - 0.00%
Los Angeles Kings - 2 on 5 Attempt(s) - 40.00%
Penalty Kill
Chicago Black Hawks - 3 on 5 Attempt(s) - 60.00%
- Score 0 goal in Penalty Kill
Los Angeles Kings - 3 on 3 Attempt(s) - 100.00%
- Score 1 goal in Penalty Kill
Team Stat
Chicago Black Hawks - Hits : 23 - Faceoff Wins : 41 - Blocked Shots : 10 - Penalty Minutes : 10
Los Angeles Kings - Hits : 18 - Faceoff Wins : 26 - Blocked Shots : 13 - Penalty Minutes : 6
Official
Referees : Wes Mccauley and Justin St. Pierre
Linesman : Justin Johnson and Dan Kelly
Game Notes
No Game Note
Finance
Level 1 -- Attendance: 4659 (77.65%) -- Ticket Income $465,900
Level 2 -- Attendance: 3470 (69.40%) -- Ticket Income $208,200
Level 3 -- Attendance: 2342 (78.07%) -- Ticket Income $81,970
Level 4 -- Attendance: 3823 (76.46%) -- Ticket Income $95,575
Luxury Box -- Attendance: 739 (73.90%) -- Ticket Income $147,800
Game was played at the Staples Center.
Total Attendance: 15033 (75.17%)
Total Ticket Income: $999,445
Other Income: $349,806
Total Income: $1,349,251
Chicago Black Hawks
5 vs 5 Forward
Center Left Wing Right Wing Time % Phy DF OF
1 Sidney Crosby Lucas Raymond Claude Giroux 30 1 2 2
2 Cole Sillinger Joseph Veleno Tyson Foerster 30 1 2 2
3 Barrett Hayton Brett Howden Josh Doan 25 1 2 2
4 Jack Drury Noah Cates Dmitri Voronkov 15 1 2 2
5 vs 5 Defense
Defense Defense Time % Phy DF OF
1 Dante Fabbro Vincent Desharnais 30 1 2 2
2 Urho Vaakanainen Robert Bortuzzo 30 1 2 2
3 Caleb Jones Jon Merrill 25 1 2 2
4 Dante Fabbro Vincent Desharnais 15 1 2 2
PowerPlay Forward
Center Left Wing Right Wing Time % Phy DF OF
1 Sidney Crosby Lucas Raymond Claude Giroux 50 1 2 2
2 Cole Sillinger Joseph Veleno Tyson Foerster 50 1 2 2
PowerPlay Defense
Defense Defense Time % Phy DF OF
1 Dante Fabbro Vincent Desharnais 50 1 2 2
2 Urho Vaakanainen Robert Bortuzzo 50 1 2 2
Penalty Kill 4 Players Forward
Center Wing Time % Phy DF OF
1 Sidney Crosby Claude Giroux 50 1 2 2
2 Lucas Raymond Cole Sillinger 50 1 2 2
Penalty Kill 4 Players Defense
Defense Defense Time % Phy DF OF
1 Dante Fabbro Vincent Desharnais 50 1 2 2
2 Urho Vaakanainen Robert Bortuzzo 50 1 2 2
Penalty Kill - 3 Players Forward
Forward Time % Phy DF OF
1 Sidney Crosby 50 1 2 2
2 Claude Giroux 50 1 2 2
Penalty Kill - 3 Players Defense
Defense Defense Time % Phy DF OF
1 Dante Fabbro Vincent Desharnais 50 1 2 2
2 Urho Vaakanainen Robert Bortuzzo 50 1 2 2
4 vs 4 Forward
Center Wing Time % Phy DF OF
1 Sidney Crosby Claude Giroux 50 1 2 2
2 Lucas Raymond Cole Sillinger 50 1 2 2
4 vs 4 Defense
Defense Defense Time % Phy DF OF
1 Dante Fabbro Vincent Desharnais 50 1 2 2
2 Urho Vaakanainen Robert Bortuzzo 50 1 2 2
Last Minutes Offensive
Center Left Wing Right Wing Defense Defense
Sidney Crosby Lucas Raymond Claude Giroux Dante Fabbro Vincent Desharnais
Last Minutes Defensive
Center Left Wing Right Wing Defense Defense
Sidney Crosby Lucas Raymond Claude Giroux Dante Fabbro Vincent Desharnais
Goaltenders
Starting : Alexandar Georgiev
Backup : Adin Hill
Extra Forwards
Normal : Barrett Hayton, Jack Drury, Josh Doan - PP : Barrett Hayton, Jack Drury - PK : Josh Doan
Extra Defensemen
Normal : Caleb Jones, Jon Merrill, Urho Vaakanainen - PP : Caleb Jones - PK : Jon Merrill, Urho Vaakanainen
Penalty Shots
Sidney Crosby, Claude Giroux, Lucas Raymond, Cole Sillinger, Tyson Foerster
Scratches
Oliver Wahlstrom (Healthy), Logan Mailloux (Healthy), Bobby Brink (Healthy), Jakob Pelletier (Healthy), Filip Gustavsson (Healthy)
Los Angeles Kings
5 vs 5 Forward
Center Left Wing Right Wing Time % Phy DF OF
1 Logan Cooley Erik Brannstrom Seth Jarvis 30 1 2 2
2 Adam Fantilli Trent Frederic Andrei Svechnikov 30 1 2 2
3 Peyton Krebs Michael Milne Michael Eyssimont 25 1 2 2
4 Cooper Marody Erik Brannstrom Blake Wheeler 15 1 2 2
5 vs 5 Defense
Defense Defense Time % Phy DF OF
1 Noah Dobson K'Andre Miller 35 1 2 2
2 Alexander Romanov Owen Power 35 1 2 2
3 Alexander Alexeyev Blake Wheeler 30 1 2 2
4 Noah Dobson K'Andre Miller 0 1 2 2
PowerPlay Forward
Center Left Wing Right Wing Time % Phy DF OF
1 Logan Cooley Erik Brannstrom Seth Jarvis 50 1 2 2
2 Adam Fantilli Blake Wheeler Andrei Svechnikov 50 1 2 2
PowerPlay Defense
Defense Defense Time % Phy DF OF
1 Noah Dobson K'Andre Miller 50 1 2 2
2 Alexander Romanov Owen Power 50 1 2 2
Penalty Kill 4 Players Forward
Center Wing Time % Phy DF OF
1 Seth Jarvis Andrei Svechnikov 50 1 2 2
2 Erik Brannstrom Logan Cooley 50 1 2 2
Penalty Kill 4 Players Defense
Defense Defense Time % Phy DF OF
1 Noah Dobson K'Andre Miller 50 1 2 2
2 Alexander Romanov Owen Power 50 1 2 2
Penalty Kill - 3 Players Forward
Forward Time % Phy DF OF
1 Seth Jarvis 50 1 2 2
2 Andrei Svechnikov 50 1 2 2
Penalty Kill - 3 Players Defense
Defense Defense Time % Phy DF OF
1 Noah Dobson K'Andre Miller 50 1 2 2
2 Alexander Romanov Owen Power 50 1 2 2
4 vs 4 Forward
Center Wing Time % Phy DF OF
1 Seth Jarvis Andrei Svechnikov 50 1 2 2
2 Erik Brannstrom Logan Cooley 50 1 2 2
4 vs 4 Defense
Defense Defense Time % Phy DF OF
1 Noah Dobson K'Andre Miller 50 1 2 2
2 Alexander Romanov Owen Power 50 1 2 2
Last Minutes Offensive
Center Left Wing Right Wing Defense Defense
Logan Cooley Erik Brannstrom Seth Jarvis Noah Dobson K'Andre Miller
Last Minutes Defensive
Center Left Wing Right Wing Defense Defense
Logan Cooley Erik Brannstrom Seth Jarvis Noah Dobson K'Andre Miller
Goaltenders
Starting : Andrei Vasilevskiy
Backup : Jonas Johansson
Extra Forwards
Normal : Trent Frederic, Ryan Reaves, Seth Jarvis - PP : Trent Frederic, Ryan Reaves - PK : Seth Jarvis
Extra Defensemen
Normal : Noah Dobson, Erik Brannstrom, Alexander Romanov - PP : K'Andre Miller - PK : Erik Brannstrom, Alexander Romanov
Penalty Shots
Seth Jarvis, Andrei Svechnikov, Erik Brannstrom, Logan Cooley, Blake Wheeler
Scratches
Andrei Kuzmenko (Healthy), Jakub Zboril (Healthy)
% Time on Ice - Chicago Black Hawks
Lines # - Real PCT - Wanted PCT - Time Play
Normal Forward
1 - 30% - 30% - 14:11
2 - 31% - 30% - 14:13
3 - 25% - 25% - 11:36
4 - 14% - 15% - 6:31
Normal Defense
1 - 29% - 30% - 13:30
2 - 32% - 30% - 14:55
3 - 29% - 25% - 13:22
4 - 10% - 15% - 4:44
PP Forward
1 - 46% - 50% - 2:45
2 - 54% - 50% - 3:12
PP Defense
1 - 59% - 50% - 3:31
2 - 41% - 50% - 2:26
PK Forward
1 - 48% - 50% - 3:37
2 - 52% - 50% - 3:55
PK Defense
1 - 52% - 50% - 3:55
2 - 48% - 50% - 3:37
PK3 Forward
1 - 0% - 50%
2 - 0% - 50%
PK3 Defense
1 - 0% - 50%
2 - 0% - 50%
44 Forward
1 - 0% - 50%
2 - 0% - 50%
44 Defense
1 - 0% - 50%
2 - 0% - 50%
Last Minute Offensive - 0:00
Last Minute Defensive - 0:00
Total
Forward - 60:00
Defense - 60:00
|
% Time on Ice - Los Angeles Kings
Lines # - Real PCT - Wanted PCT - Time Play
Normal Forward
1 - 27% - 30% - 12:25
2 - 31% - 30% - 14:16
3 - 31% - 25% - 14:35
4 - 11% - 15% - 5:15
Normal Defense
1 - 37% - 35% - 17:21
2 - 34% - 35% - 15:47
3 - 29% - 30% - 13:23
4 - 0% - 0% - 0:00
PP Forward
1 - 46% - 50% - 3:27
2 - 54% - 50% - 4:05
PP Defense
1 - 43% - 50% - 3:13
2 - 57% - 50% - 4:19
PK Forward
1 - 48% - 50% - 2:52
2 - 52% - 50% - 3:05
PK Defense
1 - 49% - 50% - 2:56
2 - 51% - 50% - 3:01
PK3 Forward
1 - 0% - 50%
2 - 0% - 50%
PK3 Defense
1 - 0% - 50%
2 - 0% - 50%
44 Forward
1 - 0% - 50%
2 - 0% - 50%
44 Defense
1 - 0% - 50%
2 - 0% - 50%
Last Minute Offensive - 0:00
Last Minute Defensive - 0:00
Total
Forward - 60:00
Defense - 60:00
|
Play-by-Play
1st period
0:01 of 1st period - Sidney Crosby wins face-off versus Logan Cooley in neutral zone.
0:08 of 1st period - Slapshot by Lucas Raymond.
0:08 of 1st period - Goal by Lucas Raymond - Chicago Black Hawks : 1 - Los Angeles Kings : 0.
0:09 of 1st period - Cole Sillinger wins face-off versus Trent Frederic in neutral zone.
0:14 of 1st period - Snap shot by Tyson Foerster.
0:14 of 1st period - Stopped by Andrei Vasilevskiy with a rebound.
0:16 of 1st period - Slapshot by Urho Vaakanainen.
0:16 of 1st period - Shot Misses the Net.
0:18 of 1st period - Snap shot by Cole Sillinger.
0:18 of 1st period - Stopped by Andrei Vasilevskiy without a rebound.
0:19 of 1st period - Adam Fantilli wins face-off versus Cole Sillinger in Los Angeles Kings zone.
1:11 of 1st period - Snap shot by Andrei Svechnikov.
1:11 of 1st period - Stopped by Alexandar Georgiev with a rebound.
1:21 of 1st period - Wrist shot by Cole Sillinger.
1:21 of 1st period - Stopped by Andrei Vasilevskiy with a rebound.
1:25 of 1st period - Wrist shot by Cole Sillinger.
1:25 of 1st period - Shot Blocked by Trent Frederic.
1:49 of 1st period - Slapshot by Cole Sillinger.
1:49 of 1st period - Shot Blocked by Owen Power.
1:53 of 1st period - Snap shot by Tyson Foerster.
1:53 of 1st period - Stopped by Andrei Vasilevskiy with a rebound.
1:55 of 1st period - Snap shot by Joseph Veleno.
1:55 of 1st period - Stopped by Andrei Vasilevskiy with a rebound.
2:31 of 1st period - Wrist shot by Joseph Veleno.
2:31 of 1st period - Shot Misses the Net.
2:33 of 1st period - Slapshot by Urho Vaakanainen.
2:33 of 1st period - Shot Blocked by Andrei Svechnikov.
3:10 of 1st period - Icing by Owen Power.
3:11 of 1st period - Adam Fantilli wins face-off versus Sidney Crosby in Los Angeles Kings zone.
3:11 of 1st period - Adam Fantilli is hit by Vincent Desharnais.
3:31 of 1st period - Wrist shot by Adam Fantilli.
3:31 of 1st period - Shot Misses the Net.
3:39 of 1st period - Alexander Romanov is hit by Vincent Desharnais and loses puck.
4:05 of 1st period - Snap shot by Andrei Svechnikov.
4:05 of 1st period - Deflect By Adam Fantilli.
4:05 of 1st period - Shot Misses the Net.
4:05 of 1st period - Puck is out of play.
4:06 of 1st period - Logan Cooley wins face-off versus Barrett Hayton in Chicago Black Hawks zone.
4:12 of 1st period - Off-side.
4:13 of 1st period - Logan Cooley wins face-off versus Barrett Hayton in neutral zone.
4:23 of 1st period - Off-side.
4:24 of 1st period - Barrett Hayton wins face-off versus Michael Milne in neutral zone.
4:56 of 1st period - Dante Fabbro is hit by Erik Brannstrom.
5:09 of 1st period - Slapshot by Blake Wheeler.
5:09 of 1st period - Stopped by Alexandar Georgiev with a rebound.
6:41 of 1st period - Seth Jarvis is hit by Vincent Desharnais and loses puck.
6:54 of 1st period - Wrist shot by Seth Jarvis.
6:54 of 1st period - Stopped by Alexandar Georgiev with a rebound.
7:12 of 1st period - Dante Fabbro is hit by Seth Jarvis and loses puck.
7:29 of 1st period - Slapshot by Dmitri Voronkov.
7:29 of 1st period - Shot Blocked by Peyton Krebs.
8:35 of 1st period - Icing by Erik Brannstrom.
8:36 of 1st period - Barrett Hayton wins face-off versus Logan Cooley in Los Angeles Kings zone.
8:39 of 1st period - Wrist shot by Barrett Hayton.
8:39 of 1st period - Shot Blocked by Logan Cooley.
8:41 of 1st period - Snap shot by Brett Howden.
8:41 of 1st period - Stopped by Andrei Vasilevskiy without a rebound.
8:42 of 1st period - Barrett Hayton wins face-off versus Michael Eyssimont in Los Angeles Kings zone.
8:47 of 1st period - Wrist shot by Barrett Hayton.
8:47 of 1st period - Stopped by Andrei Vasilevskiy with a rebound.
8:49 of 1st period - Snap shot by Josh Doan.
8:49 of 1st period - Stopped by Andrei Vasilevskiy without a rebound.
8:50 of 1st period - Barrett Hayton wins face-off versus Peyton Krebs in Los Angeles Kings zone.
8:51 of 1st period - Wrist shot by Josh Doan.
8:51 of 1st period - Shot Misses the Net.
8:53 of 1st period - Snap shot by Josh Doan.
8:53 of 1st period - Shot Blocked by Michael Milne.
8:55 of 1st period - Wrist shot by Brett Howden.
8:55 of 1st period - Stopped by Andrei Vasilevskiy with a rebound.
8:57 of 1st period - Wrist shot by Vincent Desharnais.
8:57 of 1st period - Shot Misses the Net.
8:59 of 1st period - Slapshot by Dante Fabbro.
8:59 of 1st period - Shot Misses the Net.
9:01 of 1st period - Backhand shot by Dante Fabbro.
9:01 of 1st period - Shot Misses the Net.
9:54 of 1st period - K'Andre Miller is hit by Cole Sillinger and loses puck.
10:26 of 1st period - Off-side.
10:27 of 1st period - Cooper Marody wins face-off versus Jack Drury in neutral zone.
10:51 of 1st period - Snap shot by Peyton Krebs.
10:51 of 1st period - Shot Blocked by Lucas Raymond.
11:08 of 1st period - Off-side.
11:09 of 1st period - Barrett Hayton wins face-off versus Logan Cooley in neutral zone.
11:15 of 1st period - Minor Penalty to Noah Dobson for Roughing.
11:16 of 1st period - Sidney Crosby wins face-off versus Seth Jarvis in Los Angeles Kings zone.
11:48 of 1st period - Snap shot by Tyson Foerster.
11:48 of 1st period - Shot Misses the Net.
12:08 of 1st period - Snap shot by Seth Jarvis.
12:08 of 1st period - Goal by Seth Jarvis - Chicago Black Hawks : 1 - Los Angeles Kings : 1.
12:09 of 1st period - Sidney Crosby wins face-off versus Erik Brannstrom in neutral zone.
12:22 of 1st period - Off-side.
12:23 of 1st period - Erik Brannstrom wins face-off versus Tyson Foerster in neutral zone.
13:15 of 1st period - Penalty to Noah Dobson is over, Noah Dobson is back on ice.
13:18 of 1st period - Wrist shot by Erik Brannstrom.
13:18 of 1st period - Stopped by Alexandar Georgiev with a rebound.
13:27 of 1st period - Slapshot by Jon Merrill.
13:27 of 1st period - Stopped by Andrei Vasilevskiy with a rebound.
14:01 of 1st period - Wrist shot by Logan Cooley.
14:01 of 1st period - Shot Blocked by Jon Merrill.
14:07 of 1st period - K'Andre Miller is hit by Lucas Raymond and loses puck.
14:43 of 1st period - K'Andre Miller is hit by Urho Vaakanainen and loses puck.
14:58 of 1st period - Snap shot by Michael Eyssimont.
14:58 of 1st period - Shot Misses the Net.
15:42 of 1st period - Slapshot by Tyson Foerster.
15:42 of 1st period - Stopped by Andrei Vasilevskiy with a rebound.
15:59 of 1st period - Icing by Brett Howden.
16:00 of 1st period - Barrett Hayton wins face-off versus Logan Cooley in Chicago Black Hawks zone.
16:19 of 1st period - Barrett Hayton is hit by Michael Eyssimont and loses puck.
16:36 of 1st period - Wrist shot by Barrett Hayton.
16:36 of 1st period - Stopped by Andrei Vasilevskiy with a rebound.
16:48 of 1st period - Snap shot by Barrett Hayton.
16:48 of 1st period - Stopped by Andrei Vasilevskiy with a rebound.
16:50 of 1st period - Slapshot by Dante Fabbro.
16:50 of 1st period - Stopped by Andrei Vasilevskiy with a rebound.
16:52 of 1st period - Slapshot by Dante Fabbro.
16:52 of 1st period - Shot Misses the Net.
16:54 of 1st period - Snap shot by Vincent Desharnais.
16:54 of 1st period - Stopped by Andrei Vasilevskiy with a rebound.
17:26 of 1st period - Noah Dobson is hit by Brett Howden and loses puck.
17:31 of 1st period - Snap shot by Josh Doan.
17:31 of 1st period - Shot Misses the Net.
17:33 of 1st period - Slapshot by Dante Fabbro.
17:33 of 1st period - Stopped by Andrei Vasilevskiy with a rebound.
17:35 of 1st period - Slapshot by Vincent Desharnais.
17:35 of 1st period - Shot Misses the Net.
17:37 of 1st period - Slapshot by Dante Fabbro.
17:37 of 1st period - Shot Blocked by Trent Frederic.
17:39 of 1st period - Slapshot by Dante Fabbro.
17:39 of 1st period - Shot Misses the Net.
17:41 of 1st period - Snap shot by Josh Doan.
17:41 of 1st period - Stopped by Andrei Vasilevskiy with a rebound.
17:43 of 1st period - Snap shot by Josh Doan.
17:43 of 1st period - Deflect By Brett Howden.
17:43 of 1st period - Stopped by Andrei Vasilevskiy without a rebound.
17:44 of 1st period - Logan Cooley wins face-off versus Sidney Crosby in Los Angeles Kings zone.
17:57 of 1st period - Snap shot by Logan Cooley.
17:57 of 1st period - Shot Misses the Net.
17:59 of 1st period - Wrist shot by Erik Brannstrom.
17:59 of 1st period - Goal by Erik Brannstrom - Chicago Black Hawks : 1 - Los Angeles Kings : 2.
18:00 of 1st period - Logan Cooley wins face-off versus Sidney Crosby in neutral zone.
19:19 of 1st period - Alexander Alexeyev is hit by Urho Vaakanainen and loses puck.
Goals for this period are 1 for Chicago Black Hawks vs 2 for Los Angeles Kings.
Shots for this period are 19 for Chicago Black Hawks vs 6 for Los Angeles Kings.
2nd period
0:01 of 2nd period - Sidney Crosby wins face-off versus Logan Cooley in neutral zone.
0:04 of 2nd period - Slapshot by Claude Giroux.
0:04 of 2nd period - Shot Blocked by Owen Power.
0:10 of 2nd period - Snap shot by Logan Cooley.
0:10 of 2nd period - Stopped by Alexandar Georgiev with a rebound.
0:12 of 2nd period - Slapshot by Owen Power.
0:12 of 2nd period - Stopped by Alexandar Georgiev without a rebound.
0:13 of 2nd period - Cole Sillinger wins face-off versus Logan Cooley in Chicago Black Hawks zone.
0:53 of 2nd period - Wrist shot by Seth Jarvis.
0:53 of 2nd period - Shot Misses the Net.
0:55 of 2nd period - Snap shot by Seth Jarvis.
0:55 of 2nd period - Goal by Seth Jarvis - Chicago Black Hawks : 1 - Los Angeles Kings : 3.
0:56 of 2nd period - Peyton Krebs wins face-off versus Sidney Crosby in neutral zone.
1:03 of 2nd period - Slapshot by Noah Dobson.
1:03 of 2nd period - Stopped by Alexandar Georgiev with a rebound.
1:49 of 2nd period - Snap shot by Blake Wheeler.
1:49 of 2nd period - Shot Misses the Net.
1:51 of 2nd period - Wrist shot by Andrei Svechnikov.
1:51 of 2nd period - Deflect By Adam Fantilli.
1:51 of 2nd period - Stopped by Alexandar Georgiev without a rebound.
1:52 of 2nd period - Adam Fantilli wins face-off versus Sidney Crosby in Chicago Black Hawks zone.
2:18 of 2nd period - Snap shot by Adam Fantilli.
2:18 of 2nd period - Shot Misses the Net.
3:31 of 2nd period - Andrei Svechnikov is hit by Dante Fabbro and loses puck.
3:57 of 2nd period - Backhand shot by Adam Fantilli.
3:57 of 2nd period - Shot Misses the Net.
4:18 of 2nd period - Snap shot by Barrett Hayton.
4:18 of 2nd period - Stopped by Andrei Vasilevskiy without a rebound.
4:19 of 2nd period - Sidney Crosby wins face-off versus Logan Cooley in Los Angeles Kings zone.
4:38 of 2nd period - Caleb Jones is hit by Logan Cooley and loses puck.
4:57 of 2nd period - Snap shot by Joseph Veleno.
4:57 of 2nd period - Shot Misses the Net.
4:59 of 2nd period - Slapshot by Caleb Jones.
4:59 of 2nd period - Shot Misses the Net.
5:01 of 2nd period - Snap shot by Joseph Veleno.
5:01 of 2nd period - Stopped by Andrei Vasilevskiy with a rebound.
5:32 of 2nd period - Robert Bortuzzo is hit by Noah Dobson and loses puck.
5:42 of 2nd period - Icing by Robert Bortuzzo.
5:43 of 2nd period - Peyton Krebs wins face-off versus Sidney Crosby in Chicago Black Hawks zone.
6:03 of 2nd period - Snap shot by Dmitri Voronkov.
6:03 of 2nd period - Stopped by Andrei Vasilevskiy with a rebound.
6:05 of 2nd period - Slapshot by Robert Bortuzzo.
6:05 of 2nd period - Shot Misses the Net.
6:07 of 2nd period - Slapshot by Urho Vaakanainen.
6:07 of 2nd period - Deflect By Noah Cates.
6:07 of 2nd period - Stopped by Andrei Vasilevskiy without a rebound.
6:08 of 2nd period - Cole Sillinger wins face-off versus Peyton Krebs in Los Angeles Kings zone.
6:27 of 2nd period - Slapshot by Seth Jarvis.
6:27 of 2nd period - Shot Blocked by Claude Giroux.
6:29 of 2nd period - Snap shot by Seth Jarvis.
6:29 of 2nd period - Shot Blocked by Vincent Desharnais.
6:31 of 2nd period - Slapshot by Noah Dobson.
6:31 of 2nd period - Stopped by Alexandar Georgiev without a rebound.
6:32 of 2nd period - Sidney Crosby wins face-off versus Peyton Krebs in Chicago Black Hawks zone.
6:32 of 2nd period - Sidney Crosby is hit by Owen Power.
7:07 of 2nd period - Snap shot by Tyson Foerster.
7:07 of 2nd period - Shot Misses the Net.
7:17 of 2nd period - Wrist shot by Jack Drury.
7:17 of 2nd period - Stopped by Andrei Vasilevskiy without a rebound.
7:18 of 2nd period - Jack Drury wins face-off versus Cooper Marody in Los Angeles Kings zone.
7:19 of 2nd period - Wrist shot by Noah Cates.
7:19 of 2nd period - Deflect By Jack Drury.
7:19 of 2nd period - Shot Misses the Net.
7:19 of 2nd period - Puck is out of play.
7:20 of 2nd period - Cooper Marody wins face-off versus Jack Drury in Los Angeles Kings zone.
8:46 of 2nd period - Minor Penalty to Alexander Romanov for Cross-checking.
8:47 of 2nd period - Sidney Crosby wins face-off versus Erik Brannstrom in Los Angeles Kings zone.
9:01 of 2nd period - Snap shot by Lucas Raymond.
9:01 of 2nd period - Shot Blocked by Owen Power.
9:03 of 2nd period - Snap shot by Claude Giroux.
9:03 of 2nd period - Shot Blocked by K'Andre Miller.
9:16 of 2nd period - Icing by Joseph Veleno.
9:17 of 2nd period - Cole Sillinger wins face-off versus Seth Jarvis in Chicago Black Hawks zone.
9:46 of 2nd period - Snap shot by Joseph Veleno.
9:46 of 2nd period - Shot Misses the Net.
9:48 of 2nd period - Slapshot by Dante Fabbro.
9:48 of 2nd period - Shot Misses the Net.
9:50 of 2nd period - Snap shot by Vincent Desharnais.
9:50 of 2nd period - Stopped by Andrei Vasilevskiy without a rebound.
9:51 of 2nd period - Seth Jarvis wins face-off versus Sidney Crosby in Los Angeles Kings zone.
10:46 of 2nd period - Penalty to Alexander Romanov is over, Alexander Romanov is back on ice.
11:06 of 2nd period - Snap shot by Josh Doan.
11:06 of 2nd period - Stopped by Andrei Vasilevskiy without a rebound.
11:07 of 2nd period - Jack Drury wins face-off versus Trent Frederic in Los Angeles Kings zone.
11:16 of 2nd period - Jack Drury is hit by Erik Brannstrom.
11:38 of 2nd period - Snap shot by Lucas Raymond.
11:38 of 2nd period - Shot Misses the Net.
11:40 of 2nd period - Wrist shot by Lucas Raymond.
11:40 of 2nd period - Deflect By Sidney Crosby.
11:40 of 2nd period - Stopped by Andrei Vasilevskiy without a rebound.
11:41 of 2nd period - Logan Cooley wins face-off versus Cole Sillinger in Los Angeles Kings zone.
11:41 of 2nd period - Logan Cooley is hit by Joseph Veleno.
11:49 of 2nd period - Owen Power is hit by Tyson Foerster.
12:19 of 2nd period - Wrist shot by Owen Power.
12:19 of 2nd period - Stopped by Alexandar Georgiev with a rebound.
13:22 of 2nd period - Slapshot by Noah Dobson.
13:22 of 2nd period - Stopped by Alexandar Georgiev without a rebound.
13:23 of 2nd period - Adam Fantilli wins face-off versus Sidney Crosby in Chicago Black Hawks zone.
13:24 of 2nd period - Slapshot by Andrei Svechnikov.
13:24 of 2nd period - Shot Blocked by Urho Vaakanainen.
13:26 of 2nd period - Wrist shot by Trent Frederic.
13:26 of 2nd period - Stopped by Alexandar Georgiev with a rebound.
13:28 of 2nd period - Snap shot by Andrei Svechnikov.
13:28 of 2nd period - Shot Misses the Net.
13:58 of 2nd period - Off-side.
13:59 of 2nd period - Sidney Crosby wins face-off versus Peyton Krebs in neutral zone.
14:24 of 2nd period - Minor Penalty to Dante Fabbro for Interference.
14:25 of 2nd period - Sidney Crosby wins face-off versus Logan Cooley in Chicago Black Hawks zone.
14:54 of 2nd period - Slapshot by Blake Wheeler.
14:54 of 2nd period - Goal by Blake Wheeler - Chicago Black Hawks : 1 - Los Angeles Kings : 4.
14:55 of 2nd period - Cole Sillinger wins face-off versus Logan Cooley in neutral zone.
14:58 of 2nd period - Erik Brannstrom is hit by Joseph Veleno.
15:16 of 2nd period - Minor Penalty to Vincent Desharnais for Holding.
15:17 of 2nd period - Adam Fantilli wins face-off versus Sidney Crosby in Chicago Black Hawks zone.
15:18 of 2nd period - Wrist shot by Andrei Svechnikov.
15:18 of 2nd period - Shot Misses the Net.
15:30 of 2nd period - Snap shot by Owen Power.
15:30 of 2nd period - Stopped by Alexandar Georgiev with a rebound.
16:05 of 2nd period - Icing by Logan Cooley.
16:06 of 2nd period - Sidney Crosby wins face-off versus Logan Cooley in Los Angeles Kings zone.
17:16 of 2nd period - Penalty to Vincent Desharnais is over, Vincent Desharnais is back on ice.
17:22 of 2nd period - Snap shot by Noah Dobson.
17:22 of 2nd period - Stopped by Alexandar Georgiev with a rebound.
17:24 of 2nd period - Slapshot by Noah Dobson.
17:24 of 2nd period - Stopped by Alexandar Georgiev without a rebound.
17:25 of 2nd period - Barrett Hayton wins face-off versus Peyton Krebs in Chicago Black Hawks zone.
17:30 of 2nd period - Slapshot by Dante Fabbro.
17:30 of 2nd period - Shot Blocked by Noah Dobson.
17:32 of 2nd period - Wrist shot by Brett Howden.
17:32 of 2nd period - Goal by Brett Howden - Chicago Black Hawks : 2 - Los Angeles Kings : 4.
17:33 of 2nd period - Cole Sillinger wins face-off versus Seth Jarvis in neutral zone.
17:33 of 2nd period - Cole Sillinger is hit by Noah Dobson.
17:41 of 2nd period - Wrist shot by Tyson Foerster.
17:41 of 2nd period - Shot Misses the Net.
17:49 of 2nd period - Snap shot by Joseph Veleno.
17:49 of 2nd period - Shot Misses the Net.
17:59 of 2nd period - Noah Dobson is hit by Sidney Crosby and loses puck.
18:47 of 2nd period - Snap shot by Joseph Veleno.
18:47 of 2nd period - Shot Blocked by Alexander Romanov.
18:49 of 2nd period - Wrist shot by Tyson Foerster.
18:49 of 2nd period - Stopped by Andrei Vasilevskiy without a rebound.
18:50 of 2nd period - Peyton Krebs wins face-off versus Tyson Foerster in Los Angeles Kings zone.
19:02 of 2nd period - Snap shot by Michael Eyssimont.
19:02 of 2nd period - Shot Blocked by Robert Bortuzzo.
19:22 of 2nd period - Alexander Romanov is hit by Dante Fabbro and loses puck.
19:44 of 2nd period - Blake Wheeler is hit by Brett Howden and loses puck.
Goals for this period are 1 for Chicago Black Hawks vs 2 for Los Angeles Kings.
Shots for this period are 10 for Chicago Black Hawks vs 13 for Los Angeles Kings.
3rd period
0:01 of 3rd period - Erik Brannstrom wins face-off versus Cole Sillinger in neutral zone.
0:06 of 3rd period - Snap shot by Noah Dobson.
0:06 of 3rd period - Shot Misses the Net.
0:08 of 3rd period - Snap shot by Noah Dobson.
0:08 of 3rd period - Shot Misses the Net.
0:10 of 3rd period - Snap shot by Erik Brannstrom.
0:10 of 3rd period - Stopped by Alexandar Georgiev with a rebound.
0:12 of 3rd period - Slapshot by Seth Jarvis.
0:12 of 3rd period - Deflect By Logan Cooley.
0:12 of 3rd period - Shot Misses the Net.
0:12 of 3rd period - Puck is out of play.
0:13 of 3rd period - Sidney Crosby wins face-off versus Erik Brannstrom in Chicago Black Hawks zone.
0:13 of 3rd period - Sidney Crosby is hit by Seth Jarvis.
0:39 of 3rd period - Michael Eyssimont is hit by Cole Sillinger and loses puck.
0:52 of 3rd period - Michael Eyssimont is hit by Urho Vaakanainen and loses puck.
0:59 of 3rd period - Cole Sillinger is hit by Michael Eyssimont and loses puck.
1:04 of 3rd period - Snap shot by Peyton Krebs.
1:04 of 3rd period - Stopped by Alexandar Georgiev with a rebound.
2:08 of 3rd period - Snap shot by Joseph Veleno.
2:08 of 3rd period - Stopped by Andrei Vasilevskiy with a rebound.
2:13 of 3rd period - Icing by Michael Milne.
2:14 of 3rd period - Peyton Krebs wins face-off versus Sidney Crosby in Los Angeles Kings zone.
2:14 of 3rd period - Peyton Krebs is hit by Claude Giroux.
2:24 of 3rd period - Snap shot by Sidney Crosby.
2:24 of 3rd period - Stopped by Andrei Vasilevskiy without a rebound.
2:25 of 3rd period - Sidney Crosby wins face-off versus Logan Cooley in Los Angeles Kings zone.
2:28 of 3rd period - Wrist shot by Lucas Raymond.
2:28 of 3rd period - Stopped by Andrei Vasilevskiy with a rebound.
2:41 of 3rd period - Minor Penalty to Vincent Desharnais for Delaying the game.
2:42 of 3rd period - Sidney Crosby wins face-off versus Adam Fantilli in Chicago Black Hawks zone.
3:12 of 3rd period - Snap shot by Owen Power.
3:12 of 3rd period - Shot Misses the Net.
3:32 of 3rd period - Snap shot by Adam Fantilli.
3:32 of 3rd period - Shot Misses the Net.
3:46 of 3rd period - Slapshot by Owen Power.
3:46 of 3rd period - Goal by Owen Power - Chicago Black Hawks : 2 - Los Angeles Kings : 5.
3:47 of 3rd period - Sidney Crosby wins face-off versus Logan Cooley in neutral zone.
4:13 of 3rd period - Vincent Desharnais is hit by Michael Milne and loses puck.
4:18 of 3rd period - Slapshot by Michael Eyssimont.
4:18 of 3rd period - Deflect By Michael Milne.
4:18 of 3rd period - Shot Blocked by Claude Giroux.
4:18 of 3rd period - Puck is out of play.
4:19 of 3rd period - Cole Sillinger wins face-off versus Peyton Krebs in Chicago Black Hawks zone.
4:51 of 3rd period - Minor Penalty to Dmitri Voronkov for Hooking.
4:52 of 3rd period - Logan Cooley wins face-off versus Lucas Raymond in Chicago Black Hawks zone.
4:53 of 3rd period - Wrist shot by Seth Jarvis.
4:53 of 3rd period - Shot Blocked by Robert Bortuzzo.
6:13 of 3rd period - Icing by Noah Dobson.
6:14 of 3rd period - Lucas Raymond wins face-off versus Adam Fantilli in Los Angeles Kings zone.
6:51 of 3rd period - Penalty to Dmitri Voronkov is over, Dmitri Voronkov is back on ice.
6:55 of 3rd period - Claude Giroux is hit by Owen Power and loses puck.
7:16 of 3rd period - Wrist shot by Claude Giroux.
7:16 of 3rd period - Stopped by Andrei Vasilevskiy with a rebound.
7:40 of 3rd period - Backhand shot by Claude Giroux.
7:40 of 3rd period - Deflect By Sidney Crosby.
7:40 of 3rd period - Shot Misses the Net.
7:40 of 3rd period - Puck is out of play.
7:41 of 3rd period - Barrett Hayton wins face-off versus Logan Cooley in Los Angeles Kings zone.
7:46 of 3rd period - Snap shot by Barrett Hayton.
7:46 of 3rd period - Shot Misses the Net.
7:54 of 3rd period - Wrist shot by Erik Brannstrom.
7:54 of 3rd period - Shot Misses the Net.
8:28 of 3rd period - Jon Merrill is hit by Adam Fantilli and loses puck.
8:37 of 3rd period - Jon Merrill is hit by Andrei Svechnikov and loses puck.
8:44 of 3rd period - Snap shot by Andrei Svechnikov.
8:44 of 3rd period - Stopped by Alexandar Georgiev with a rebound.
9:08 of 3rd period - Wrist shot by Tyson Foerster.
9:08 of 3rd period - Shot Blocked by Trent Frederic.
9:10 of 3rd period - Snap shot by Cole Sillinger.
9:10 of 3rd period - Stopped by Andrei Vasilevskiy with a rebound.
9:12 of 3rd period - Wrist shot by Joseph Veleno.
9:12 of 3rd period - Stopped by Andrei Vasilevskiy with a rebound.
9:16 of 3rd period - Wrist shot by Joseph Veleno.
9:16 of 3rd period - Stopped by Andrei Vasilevskiy without a rebound.
9:17 of 3rd period - Barrett Hayton wins face-off versus Erik Brannstrom in Los Angeles Kings zone.
9:18 of 3rd period - Snap shot by Josh Doan.
9:18 of 3rd period - Stopped by Andrei Vasilevskiy without a rebound.
9:19 of 3rd period - Barrett Hayton wins face-off versus Logan Cooley in Los Angeles Kings zone.
9:20 of 3rd period - Wrist shot by Josh Doan.
9:20 of 3rd period - Goal by Josh Doan - Chicago Black Hawks : 3 - Los Angeles Kings : 5.
9:21 of 3rd period - Seth Jarvis wins face-off versus Sidney Crosby in neutral zone.
9:23 of 3rd period - Minor Penalty to Erik Brannstrom for Cross-checking.
9:24 of 3rd period - Claude Giroux wins face-off versus Seth Jarvis in Los Angeles Kings zone.
11:19 of 3rd period - Seth Jarvis is hit by Joseph Veleno and loses puck.
11:23 of 3rd period - Penalty to Erik Brannstrom is over, Erik Brannstrom is back on ice.
11:50 of 3rd period - Dmitri Voronkov is hit by Peyton Krebs and loses puck.
11:57 of 3rd period - Slapshot by Jack Drury.
11:57 of 3rd period - Stopped by Andrei Vasilevskiy with a rebound.
11:59 of 3rd period - Wrist shot by Dmitri Voronkov.
11:59 of 3rd period - Shot Misses the Net.
12:09 of 3rd period - Slapshot by Owen Power.
12:09 of 3rd period - Stopped by Alexandar Georgiev without a rebound.
12:10 of 3rd period - Adam Fantilli wins face-off versus Claude Giroux in Chicago Black Hawks zone.
12:25 of 3rd period - Wrist shot by Adam Fantilli.
12:25 of 3rd period - Stopped by Alexandar Georgiev without a rebound.
12:26 of 3rd period - Barrett Hayton wins face-off versus Logan Cooley in Chicago Black Hawks zone.
12:51 of 3rd period - Seth Jarvis is hit by Joseph Veleno and loses puck.
12:56 of 3rd period - Snap shot by Tyson Foerster.
12:56 of 3rd period - Stopped by Andrei Vasilevskiy with a rebound.
12:58 of 3rd period - Snap shot by Cole Sillinger.
12:58 of 3rd period - Stopped by Andrei Vasilevskiy without a rebound.
12:59 of 3rd period - Sidney Crosby wins face-off versus Adam Fantilli in Los Angeles Kings zone.
13:24 of 3rd period - Peyton Krebs is hit by Brett Howden and loses puck.
14:01 of 3rd period - Erik Brannstrom is hit by Robert Bortuzzo and loses puck.
14:24 of 3rd period - Wrist shot by Peyton Krebs.
14:24 of 3rd period - Goal by Peyton Krebs - Chicago Black Hawks : 3 - Los Angeles Kings : 6.
14:25 of 3rd period - Sidney Crosby wins face-off versus Logan Cooley in neutral zone.
15:03 of 3rd period - Wrist shot by Adam Fantilli.
15:03 of 3rd period - Stopped by Alexandar Georgiev with a rebound.
15:05 of 3rd period - Wrist shot by Andrei Svechnikov.
15:05 of 3rd period - Stopped by Alexandar Georgiev without a rebound.
15:06 of 3rd period - Sidney Crosby wins face-off versus Michael Milne in Chicago Black Hawks zone.
15:15 of 3rd period - Wrist shot by Lucas Raymond.
15:15 of 3rd period - Stopped by Andrei Vasilevskiy without a rebound.
15:16 of 3rd period - Peyton Krebs wins face-off versus Sidney Crosby in Los Angeles Kings zone.
15:16 of 3rd period - Peyton Krebs is hit by Sidney Crosby.
15:22 of 3rd period - Snap shot by Michael Eyssimont.
15:22 of 3rd period - Stopped by Alexandar Georgiev with a rebound.
15:24 of 3rd period - Snap shot by Blake Wheeler.
15:24 of 3rd period - Shot Misses the Net.
15:26 of 3rd period - Snap shot by Peyton Krebs.
15:26 of 3rd period - Shot Misses the Net.
15:28 of 3rd period - Snap shot by Peyton Krebs.
15:28 of 3rd period - Shot Blocked by Sidney Crosby.
15:30 of 3rd period - Slapshot by Alexander Alexeyev.
15:30 of 3rd period - Shot Misses the Net.
15:32 of 3rd period - Slapshot by Peyton Krebs.
15:32 of 3rd period - Shot Misses the Net.
15:34 of 3rd period - Slapshot by Alexander Alexeyev.
15:34 of 3rd period - Stopped by Alexandar Georgiev without a rebound.
15:35 of 3rd period - Cole Sillinger wins face-off versus Logan Cooley in Chicago Black Hawks zone.
15:37 of 3rd period - Minor Penalty to Cole Sillinger for Cross-checking.
15:38 of 3rd period - Logan Cooley wins face-off versus Josh Doan in Chicago Black Hawks zone.
15:46 of 3rd period - Slapshot by Logan Cooley.
15:46 of 3rd period - Shot Misses the Net.
15:48 of 3rd period - Backhand shot by Noah Dobson.
15:48 of 3rd period - Stopped by Alexandar Georgiev without a rebound.
15:49 of 3rd period - Logan Cooley wins face-off versus Josh Doan in Chicago Black Hawks zone.
15:54 of 3rd period - Wrist shot by Seth Jarvis.
15:54 of 3rd period - Shot Blocked by Lucas Raymond.
17:37 of 3rd period - Penalty to Cole Sillinger is over, Cole Sillinger is back on ice.
17:37 of 3rd period - Icing by Dmitri Voronkov.
17:38 of 3rd period - Dmitri Voronkov wins face-off versus Logan Cooley in Chicago Black Hawks zone.
17:51 of 3rd period - Jon Merrill is hit by Noah Dobson and loses puck.
18:38 of 3rd period - Vincent Desharnais is hit by Noah Dobson and loses puck.
19:09 of 3rd period - Snap shot by Andrei Svechnikov.
19:09 of 3rd period - Stopped by Alexandar Georgiev without a rebound.
19:10 of 3rd period - Adam Fantilli wins face-off versus Cole Sillinger in Chicago Black Hawks zone.
19:31 of 3rd period - Wrist shot by Logan Cooley.
19:31 of 3rd period - Shot Misses the Net.
19:37 of 3rd period - Josh Doan is hit by Noah Dobson and loses puck.
Goals for this period are 1 for Chicago Black Hawks vs 2 for Los Angeles Kings.
Shots for this period are 13 for Chicago Black Hawks vs 13 for Los Angeles Kings.
Back to the Top